 Dungeon Crawl Stone Soup version 0.24.0-125-gc4c63601f3 (webtiles) character file.

Game seed: 1810665492393252767, levelgen mode: deterministic

2160 Divind the Slasher (level 9, -4/69 HPs)
             Began as a Demonspawn Berserker on Mar 5, 2020.
             Was a Priest of Trog.
             Slain by an orc warrior
             ... wielding a +0 long sword
              (10 damage)
             ... on level 6 of the Dungeon.
             The game lasted 00:14:33 (4672 turns).

Divind the Slasher (Demonspawn Berserker)           Turns: 4672, Time: 00:14:35

Health: -4/69      AC:  8    Str: 21    XL:     9   Next: 10%
Magic:  9/9        EV: 13    Int:  8    God:    Trog [***...]
Gold:   110        SH:  0    Dex: 15    Spells: 8/8 levels left

rFire    . . .     SeeInvis .   a - +0 falchion
rCold    . . .     Gourm    .   (no shield)
rNeg     . . .     Faith    .   j - +0 ring mail
rPois    .         Spirit   .   (helmet restricted)
rElec    .         Reflect  .   (no cloak)
rCorr    .         Harm     .   m - +0 pair of gloves
MR       ++...                  u - +0 pair of boots
Stlth    ++........             (no amulet)
HPRegen  1.21/turn              (no ring)
MPRegen  0.11/turn              (no ring)

@: berserk cooldown, flying, regenerating, slowed, very slow
A: antennae 1, claws 1, talons 1, thin skeletal structure 1, mutation resistance
1, powered by death 1
a: Berserk, Trog's Hand, Renounce Religion


You were on level 6 of the Dungeon.
You worshipped Trog.
Trog was most pleased with you.
You were very hungry.

You visited 1 branch of the dungeon, and saw 6 of its levels.

You collected 177 gold pieces.
You spent 67 gold pieces at shops.

Inventory:

Hand Weapons
 a - a +0 falchion (weapon)
Armour
 b - a +0 animal skin
 h - a +0 pair of gloves
 j - a +0 ring mail (worn)
 m - a +0 pair of gloves (worn)
 u - a +0 pair of boots (worn)
Jewellery
 q - a -2 ring of evasion
Wands
 d - a wand of polymorph (4)
Scrolls
 e - 3 scrolls of teleportation
 g - a scroll of enchant weapon {unknown}
 i - 8 scrolls of identify
 l - a scroll of blinking
 o - 3 scrolls of remove curse
 r - a scroll of enchant armour {unknown}
 t - 3 scrolls of magic mapping {unknown}
 v - 3 scrolls of vulnerability {unknown}
Potions
 f - 2 potions of degeneration
 k - a potion of haste
 n - a potion of curing
Comestibles
 c - 3 rations
 w - a chunk of flesh


   Skills:
 + Level 5.8 Fighting
 + Level 7.8 Long Blades
 + Level 5.1 Armour
 + Level 4.6 Dodging
 - Level 1.0 Stealth
 + Level 1.3 Unarmed Combat


You had 8 spell levels left.
You didn't know any spells.
Your spell library was empty.

Dungeon Overview and Level Annotations

Branches:
Dungeon (6/15)
 Temple: D:4-7

Altars:
Nemelex Xobeh
Sif Muna

Shops:
D:5 *


Innate Abilities, Weirdness & Mutations

You have sharp fingernails.
You have a somewhat thin skeletal structure. (Dex +2, Stealth)
You regenerate a little health from kills.
You have a pair of small antennae on your head.
You have sharp toenails.
You are somewhat resistant to further mutation.


Message History

The gnoll barely misses you. The orc hits you but does no damage.
It was a potion of berserk rage.
You're still recovering from your berserk rage.
The orc wizard barely misses you.
You riposte.
You hit the orc wizard.
The orc wizard is lightly wounded.
The orc priest looks braver for a moment.
The gnoll misses you. The orc completely misses you.
You riposte.
You hit the orc but do no damage.
The orc warrior hits you with a +0 long sword.
* * * LOW HITPOINT WARNING * * *
The orc wizard miscasts a cantrip.
The orc priest looks encouraged for a moment.
It was a potion of flight.
You feel very buoyant.
You fly up into the air.
The gnoll closely misses you. The orc barely misses you.
You riposte.
You closely miss the orc.
The orc wizard hits you with a +0 dagger.
* * * LOW HITPOINT WARNING * * *
The orc warrior hits you with a +0 long sword!
You die...

#.........#...#
##....#...##.#####
##..###...##....##
#..####.........#
#...#...........#
#..##......#.#...#######
.....#..o...##......#..#..
.....###goo..##............
##... #..o@................
#........oo.............#.#
#..#.............>....#####
#........#........##
#....>..###.....:.###
#.......###...........#
........................
..........##............
.##..####...........


You could see an orc warrior, an orc priest, 2 orc wizards, a gnoll and 2 orcs.

Vanquished Creatures
  Pikel (D:5)
  Grinder (D:5)
  Sigmund (D:2)
  Menkaure (D:5)
  2 ice beasts (D:5)
  2 ogres
  A centaur (D:5)
  A water moccasin zombie (D:5)
  2 scorpions
  2 bullfrog skeletons
  3 hounds
  3 orc priests
  A gnoll shaman (D:6)
  Jessica (D:2)
  Ijyb (D:3)
  2 orc wizards
  3 worker ants
  2 hound skeletons (D:4)
  Robin (D:2)
  3 gnolls (D:2)
  6 adders
  A shadow imp (D:6)
  2 worms (D:2)
  2 dart slugs
  5 leopard geckos
  17 orcs
  2 giant cockroaches
  6 hobgoblins
  10 jackals
  A quokka (D:2)
  4 ball pythons
  5 bats
  2 frilled lizards
  13 goblins
  6 kobolds
  A quokka skeleton (D:4)
  A rat (D:1)
118 creatures vanquished.

Notes
Turn   | Place    | Note
-------+----------+-------------------------------------------
     0 | D:1      | Divind the Demonspawn Berserker began the quest for the
                  | Orb.
     0 | D:1      | Reached XP level 1. HP: 18/18 MP: 1/1
   221 | D:1      | Gained mutation: You regenerate a little health from kills.
                  | [demonic ancestry]
   221 | D:1      | Reached XP level 2. HP: 23/24 MP: 2/2
   239 | D:1      | Reached skill level 3 in Long Blades
   942 | D:2      | Reached XP level 3. HP: 29/29 MP: 3/3
   961 | D:2      | Noticed Jessica
   967 | D:2      | Reached ** piety under Trog
   970 | D:2      | Killed Jessica
   970 | D:2      | Reached XP level 4. HP: 18/37 MP: 4/4
  1123 | D:2      | Found a faded altar of an unknown god.
  1305 | D:2      | Noticed Sigmund
  1340 | D:2      | Gained mutation: You have a pair of small horns on your
                  | head. [potion of mutation]
  1340 | D:2      | Gained mutation: Your spells are a little harder to cast,
                  | but a little more powerful. [potion of mutation]
  1354 | D:2      | Killed Sigmund
  1354 | D:2      | Reached skill level 4 in Long Blades
  1354 | D:2      | Reached XP level 5. HP: 14/42 MP: 5/5
  1526 | D:2      | Noticed Robin
  1541 | D:2      | Killed Robin
  1581 | D:2      | Found a shimmering blue altar of Sif Muna.
  1625 | D:2      | Reached XP level 6. HP: 44/48 MP: 6/6
  1712 | D:3      | Reached skill level 1 in Unarmed Combat
  2014 | D:3      | Noticed Ijyb
  2061 | D:3      | Killed Ijyb
  2255 | D:3      | Found a sparkling altar of Nemelex Xobeh.
  2499 | D:4      | Reached *** piety under Trog
  2512 | D:4      | Gained mutation: You have sharp fingernails. [demonic
                  | ancestry]
  2512 | D:4      | Reached XP level 7. HP: 46/55 MP: 7/7
  2537 | D:4      | Reached skill level 5 in Long Blades
  3113 | D:5      | Entered Level 5 of the Dungeon
  3113 | D:5      | Noticed Menkaure
  3119 | D:5      | Killed Menkaure
  3253 | D:5      | Noticed Grinder
  3276 | D:5      | Killed Grinder
  3276 | D:5      | Reached skill level 6 in Long Blades
  3276 | D:5      | Gained mutation: You have a somewhat thin skeletal
                  | structure. (Dex +2, Stealth) [demonic ancestry]
  3276 | D:5      | Reached XP level 8. HP: 39/61 MP: 8/8
  3503 | D:5      | Lost mutation: You have a pair of small horns on your head.
                  | [potion of mutation]
  3503 | D:5      | Gained mutation: You have a pair of small antennae on your
                  | head. [potion of mutation]
  3503 | D:5      | Gained mutation: You have sharp toenails. [potion of
                  | mutation]
  3503 | D:5      | Lost mutation: Your spells are a little harder to cast, but
                  | a little more powerful. [potion of mutation]
  3503 | D:5      | Gained mutation: You are somewhat resistant to further
                  | mutation. [potion of mutation]
  3806 | D:5      | Reached skill level 5 in Fighting
  3936 | D:5      | Noticed Pikel
  3948 | D:5      | Killed Pikel
  3948 | D:5      | Reached skill level 7 in Long Blades
  3948 | D:5      | Reached skill level 1 in Stealth
  4129 | D:5      | Reached skill level 5 in Armour
  4238 | D:5      | Found Buarhyma's General Store.
  4245 | D:5      | Bought a +0 pair of boots for 67 gold pieces
  4445 | D:6      | Reached XP level 9. HP: 43/69 MP: 9/9
  4582 | D:6      | Identified Lynasad's Incunabulum of Displaced
                  | Transmigration
  4672 | D:6      | Slain by an orc warrior

Levels and vault maps discovered:
D:1:      minmay_arrival_solitary_statue, layout_basic
D:2:      layout_basic, led_sif_pool, chequers_ecumenical_altar_simple,
          serial_park_tiny_pond, uniq_sigmund, uniq_jessica, uniq_robin
D:3:      layout_loops_ring, nemelex_xobeh_ov_fountains_minmay, first_ration,
          uniq_ijyb
D:4:      layout_gridville, minmay_hedge_maze, corexii_hall_statues_l
D:5:      layout_loops_ring, serial_shops, shop, serial_glass, glass_columns_b,
          glass_columns_b, uniq_pikel, uniq_grinder, uniq_menkaure
D:6:      layout_cave_pools, serial_gnoll_camp, gnoll_camp_mini_shop,
          gnoll_camp_huts_moat, gnoll_camp_mini_doghouse, gnoll_camp_medium_01,
          gnoll_camp_mini_hut, gnoll_camp_mini_shop

Skill      XL: |  1  2  3  4  5  6  7  8 |
---------------+-------------------------+-----
Long Blades    | 3 4 6 7 |  7.8
Dodging        | 2 3 4 |  4.6
Armour         | 2 3 4 5 |  5.1
Fighting       | 4 5 |  5.8
Unarmed Combat | 1 |  1.3
Stealth        | 1 |  1.0

Action                   |  1- 3 |  4- 6 |  7- 9 || total
-------------------------+-------+-------+-------++-------
Melee: Falchion          |    84 |   106 |   220 ||   410
       Unarmed           |       |    21 |       ||    21
       Headbutt          |       |    30 |    10 ||    40
       Punch             |       |       |     4 ||     4
       Kick              |       |       |    38 ||    38
Invok: Berserk           |     1 |     3 |     6 ||    10
       Trog's Hand       |       |     1 |     3 ||     4
  Use: Potion            |       |     5 |     3 ||     8
       Scroll            |       |     7 |       ||     7
  Eat: Chunk             |       |     5 |       ||     5
       Ration            |       |     2 |     3 ||     5
Armor: Ring mail         |    39 |    44 |    85 ||   168
       Animal skin       |     2 |       |       ||     2
       Skin              |       |     6 |       ||     6
Dodge: Dodged            |    89 |   108 |   170 ||   367
       Rpst.: Falchion   |    24 |    25 |    55 ||   104
